 Dungeon Crawl Stone Soup version 0.20.1-1-g8b1a95d (webtiles) character file.

56 roguesci the Charmwright (level 3, 0/28 HPs)
             Began as a Demonspawn Skald on Aug 22, 2017.
             Slain by a leopard gecko (2 damage)
             ... on level 2 of the Dungeon.
             The game lasted 00:02:45 (1281 turns).

roguesci the Charmwright (Demonspawn Skald)         Turns: 1281, Time: 00:02:46

Health: 0/28       AC:  7    Str: 12    XL:     3   Next: 71%
Magic:  3/6        EV: 17    Int: 14    God:
Gold:   51         SH:  0    Dex: 17    Spells: 6/7 levels left

rFire    . . .     SeeInvis .   a - +0 hand axe
rCold    . . .     Gourm    .   (no shield)
rNeg     . . .     Faith    .   b - +0 leather armour
rPois    .         Spirit   .   l - +2 hat
rElec    .         Reflect  .   (no cloak)
rCorr    .         Harm     .   (no gloves)
MR       .....                  (no boots)
Stlth    ++........             (no amulet)
Regen    0.1/turn               (no ring)
MPRegen  0.1/turn               (no ring)

@: agile, invisible
A: slimy green scales 1, spiny 1
a: no special abilities


You were on level 2 of the Dungeon.
You were not hungry.

You visited 1 branch of the dungeon, and saw 2 of its levels.

You collected 51 gold pieces.

Inventory:

Hand Weapons
 a - a +0 hand axe (weapon)
Missiles
 e - 44 stones (quivered)
 f - a throwing net
Armour
 b - a +0 leather armour (worn)
 l - a +2 hat (worn)
Scrolls
 k - a scroll of amnesia {unknown}
Books
 c - a book of Battle

   Spells                             Type                      Level
   a - Infusion                       Charms                       1
   b - Shroud of Golubria             Charms/Translocation         2
   c - Song of Slaying                Charms                       2
   d - Spectral Weapon                Hexes/Charms                 3
   e - Regeneration                   Charms/Necromancy            3
Comestibles
 d - a bread ration
 g - a chunk of flesh
 h - 3 fruits


   Skills:
 + Level 2.3 Fighting
 * Level 2.1 Axes
 * Level 1.5 Armour
 * Level 2.1 Dodging
 * Level 2.5 Spellcasting
 + Level 3.0 Charms


You had 6 spell levels left.
You knew the following spells:

 Your Spells              Type           Power        Failure   Level  Hunger
a - Infusion              Chrm           ##..         9%          1    #......


Dungeon Overview and Level Annotations

Branches:
Dungeon (2/15)

Altars:
Hepliaklqana


Innate Abilities, Weirdness & Mutations

You are partially covered in slimy green scales. (AC +2)
You are partially covered in sharp spines.


Message History

Found 9 gold pieces.
You are no longer magically infusing your attacks.
You see here a silvery potion.
m - a silvery potion The gnoll is struck by your spines.
The gnoll barely misses you.
It was a potion of cancellation.
Your magical effects are unravelling.
You feel magically purged.
Your magical contamination has completely faded away.
You flicker back into view.
The gnoll misses you. The leopard gecko misses you.
It was a potion of agility.
You feel agile all of a sudden. The gnoll is struck by your spines.
The gnoll closely misses you.
The leopard gecko is struck by your spines.
The leopard gecko bites you.
* * * LOW HITPOINT WARNING * * *
You fade into invisibility!
The leopard gecko bites you.
You die...

##.#
#....#.###
...#
#.#.##.#
....
...#.##.#
###
#####.##.#
# #.##.#
#. #.#
.###.##.#
......lg#
.######@#
#.# #$#
#.# #.#
..# ###


You could see a gnoll and a leopard gecko.

Vanquished Creatures
  2 gnolls (D:2)
  2 oozes (D:1)
  2 dart slugs (D:1)
  A leopard gecko (D:1)
  7 bats
  A giant cockroach (D:1)
  2 goblins
  2 hobgoblins (D:1)
  2 kobolds (D:1)
  A ball python (D:1)
  A frilled lizard (D:1)
  3 rats (D:1)
26 creatures vanquished.

Notes
Turn   | Place    | Note
-------+----------+-------------------------------------------
     0 | D:1      | roguesci the Demonspawn Skald began the quest for the Orb.
     0 | D:1      | Reached XP level 1. HP: 16/16 MP: 3/3
    88 | D:1      | Reached skill level 1 in Armour
   524 | D:1      | Gained mutation: You are partially covered in slimy green scales. (AC +2) [demonic ancestry]
   524 | D:1      | Reached XP level 2. HP: 21/22 MP: 1/5
   759 | D:1      | Gained mutation: You are partially covered in sharp spines. [demonic ancestry]
   759 | D:1      | Reached XP level 3. HP: 11/27 MP: 0/6
  1182 | D:2      | Found a hazy altar of Hepliaklqana.
  1269 | D:2      | Reached skill level 3 in Charms
  1281 | D:2      | Slain by a leopard gecko

Skill      XL: |  1  2  3 |
---------------+----------+-----
Armour         | 1 |  1.5
Axes           | 2 |  2.1
Dodging        | 2 |  2.1
Charms         | 3 |  3.0
Fighting       | |  2.3
Spellcasting   | |  2.5

Action                   || total
-------------------------++-------
Melee: Hand axe          ||    73
 Cast: Infusion          ||     5
  Use: Potion            ||     4
  Eat: Chunk             ||     1
Armor: Leather armour    ||    26
Dodge: Dodged            ||    58
